 Dungeon Crawl Stone Soup version 0.25.1-2-g60ff931df9 (console) character file.

Game seed: 9730671893804867706

67 Colgate the Grave Robber (level 3, 0/24 HPs)
             Began as a Vampire Necromancer on July 31, 2020.
             Succumbed to an adder's poison
             ... on level 2 of the Dungeon.
             The game lasted 00:27:21 (1619 turns).

Colgate the Grave Robber (Vampire Necromancer)      Turns: 1619, Time: 00:27:21

Health: 0/24       AC:  3    Str:  7    XL:     3   Next: 98%
Magic:  1/6        EV: 12    Int: 18    God:
Gold:   93         SH:  0    Dex: 14    Spells: 1/6 levels left

rFire    . . .     SeeInvis +   k - +0 short sword (elec)
rCold    . . .     Gourm    .   (no shield)
rNeg     . . .     Faith    .   a - +0 robe
rPois    .         Spirit   .   (no helmet)
rElec    .         Reflect  .   (no cloak)
rCorr    .         Harm     .   (no gloves)
MR       .....                  h - +0 pair of boots
Stlth    ++........             (no amulet)
HPRegen  0.28/turn              (no ring)
MPRegen  0.10/turn              (no ring)

@: lethally poisoned (0 -> -3), regenerating quickly
A: no food, fangs 3, see invisible, unbreathing
a: Exsanguinate


You were on level 2 of the Dungeon.
You were alive.

You visited 1 branch of the dungeon, and saw 2 of its levels.

You collected 93 gold pieces.

Inventory:

Hand Weapons
 d - a +0 dagger
 e - a +0 short sword
 k - a +0 short sword of electrocution (weapon)
Missiles
 b - 73 stones (quivered)
 f - 26 sling bullets
 g - 56 arrows
Armour
 a - a +0 robe (worn)
 h - a +0 pair of boots (worn)
 n - a +1 chain mail of magic resistance
Scrolls
 c - 2 scrolls of identify {unknown}
Potions
 i - a potion of brilliance {unknown}
 j - a potion of heal wounds {unknown}
 l - 2 potions of resistance {unknown}
 m - a potion of stabbing {unknown}


   Skills:
 - Level 2.1 Dodging
 - Level 3.0 Stealth
 - Level 2.0 Spellcasting
 + Level 6.1 Necromancy


You had one spell level left.
You knew the following spells:

 Your Spells              Type           Power        Failure   Level  Hunger
a - Pain                  Necr           ###.         1%          1    N/A
b - Animate Skeleton      Necr           N/A          1%          1    N/A
c - Vampiric Draining     Necr           ###.......   4%          3    N/A

Your spell library contained the following spells:

 Spells                   Type           Power        Failure   Level  Hunger
 Animate Dead             Necr           N/A          14%         4    N/A
 Agony                    Necr           ###.....     36%         5    N/A

Dungeon Overview and Level Annotations

Branches:
Dungeon (2/15)

Altars:


Innate Abilities, Weirdness & Mutations

You do not eat.
Your natural rate of healing is unusually fast.
You have razor-sharp teeth.
You have supernaturally acute eyesight. (SInv)
You can survive without breathing.


Message History

The adder bites you.
* * * LOW HITPOINT WARNING * * *
You are lethally poisoned!
The adder poisons you!
* * * LOW HITPOINT WARNING * * *
You feel sick.
Your adder skeleton closely misses the frilled lizard.
* * * LOW HITPOINT WARNING * * *
You feel sick.
* * * LOW HITPOINT WARNING * * *
You feel sick.
* * * LOW HITPOINT WARNING * * *
You feel sick. The adder bites you but does no damage.
* * * LOW HITPOINT WARNING * * *
You feel sick.
* * * LOW HITPOINT WARNING * * *
You feel sick.
* * * LOW HITPOINT WARNING * * *
You feel sick. The adder closely misses you.
You die...

..l......#
#.######.#
########Z#
#......... #.#
########.# #.# #.#
#Z#### #.# #....#
########.# ####Z#
#..)...<.# #l#
#.########
#S#.#####.########
#.#...............
#@#######.########
#.........#
###########


You could see an adder, a frilled lizard and a friendly adder skeleton.

Vanquished Creatures
  2 adders (D:2)
  An ooze (D:1)
  A worm (D:2)
  A dart slug (D:2)
  A leopard gecko (D:2)
  A giant cockroach (D:1)
  6 goblins
  7 kobolds
  8 bats
  4 frilled lizards
  5 rats (D:1)
37 creatures vanquished.

Vanquished Creatures (collateral kills)
  An ooze (D:1)
1 creature vanquished.

Grand Total: 38 creatures vanquished

Notes
Turn   | Place    | Note
-------+----------+-------------------------------------------
     0 | D:1      | Colgate the Vampire Necromancer began the quest for the
                  | Orb.
     0 | D:1      | Reached XP level 1. HP: 13/13 MP: 3/3
     2 | D:1      | Learned a level 1 spell: Animate Skeleton
   143 | D:1      | Reached skill level 5 in Necromancy
   143 | D:1      | Reached XP level 2. HP: 18/19 MP: 0/5
   750 | D:1      | Reached XP level 3. HP: 24/24 MP: 4/6
   759 | D:1      | Learned a level 3 spell: Vampiric Draining
  1487 | D:2      | Reached skill level 6 in Necromancy
  1618 | D:2      | HP: 1/24 [poisoned by an adder]
  1619 | D:2      | Succumbed to an adder's poison

Illustrated notes

Levels and vault maps discovered:
D:1:      ncdulo_lavacross, layout_loops_ring, due_unseen_surprise
D:2:      layout_loops_ring, first_ration

Skill      XL: |  1  2  3 |
---------------+----------+-----
Necromancy     | 5 6 |  6.1
Dodging        | |  2.1
Stealth        | |  3.0
Spellcasting   | |  2.0

Action                   || total
-------------------------++-------
Melee: Unarmed           ||    14
       Bite              ||     2
       Short sword       ||     7
Throw: Stone             ||     1
 Cast: Pain              ||    52
       Animate Skeleton  ||    14
       Vampiric Draining ||     2
 Stab: Sleeping          ||     2
Armor: Robe              ||     6
Dodge: Dodged            ||    12
